 Dungeon Crawl Stone Soup version 0.29.1-1-gd02db6906a (webtiles) character file.

Game seed: 14153924210309517536

16 xian the Gusty (level 2, 0/19 HPs)
             Began as a Demonspawn Air Elementalist on Sept 30, 2022.
             Slain by a jackal (3 damage)
             ... on level 1 of the Dungeon.
             The game lasted 00:02:04 (548 turns).

xian the Gusty (Demonspawn Air Elementalist)         Turns: 548, Time: 00:02:04

Health: 0/19       AC:  2    Str:  8    XL:     2   Next: 37%
Magic:  1/5        EV: 12    Int: 16    God:
Gold:   22         SH:  0    Dex: 13    Spells: 5/6 levels left

rFire   . . .      SeeInvis .   c - +0 club
rCold   . . .      Faith    .   (no shield)
rNeg    . . .      Spirit   .   a - +0 robe
rPois   .          Reflect  .   (no helmet)
rElec   .          Harm     .   (no cloak)
rCorr   .          Rampage  .   (no gloves)
Will    .....                   (no boots)
Stlth   ++........              (no amulet)
HPRegen 1.06/turn               (no ring)
MPRegen 0.09/turn               (no ring)

@: no status effects
A: powered by death 1
a: no special abilities


You were on level 1 of the Dungeon.
You visited 1 branch of the dungeon, and saw 1 of its levels.

You collected 22 gold pieces.

Inventory:

Hand Weapons
 c - a +0 club (weapon)
Armour
 a - a +0 robe (worn)
Potions
 b - a potion of magic
 d - a potion of resistance {unknown}


   Skills:
 + Level 1.8 Dodging
 + Level 1.8 Stealth
 + Level 2.5 Spellcasting
 + Level 1.0 Conjurations
 + Level 3.0 Air Magic


You had 5 spell levels left.
You knew the following spells:

 Your Spells              Type           Power      Damage    Failure   Level
a - Shock                 Conj/Air       32%        1d5       9%          1

Your spell library contained the following spells:

 Spells                   Type           Power      Damage    Failure   Level
 Static Discharge         Conj/Air       8%         3-4/arc   13%         2
 Swiftness                Air            11%        N/A       17%         3
 Airstrike                Air            5%         2d(1-17)  50%         4


Dungeon Overview and Level Annotations

Branches:
Dungeon (1/15)

Altars:


Innate Abilities, Weirdness & Mutations

You regenerate a little health from kills.


Message History

Ouch! That really hurt!
You barely miss the hobgoblin.
The hobgoblin is almost dead.
A jackal comes into view.
The jackal closely misses you. The hobgoblin barely misses you.
The jackal attacks as you move away! The jackal barely misses you.
The jackal barely misses you. The jackal bites you.
The jackal attacks as you move away! The jackal misses you.
The hobgoblin attacks as you move away! The hobgoblin closely misses you.
The hobgoblin attacks as you move away! The hobgoblin hits you with a +0 mace.
* * * LOW HITPOINT WARNING * * *
The jackal closely misses you. The jackal attacks as you move away!
The jackal barely misses you. The jackal attacks as you move away!
The jackal misses you. The jackal barely misses you. The jackal bites you.
* * * LOW HITPOINT WARNING * * *
The jackal attacks as you move away! The jackal closely misses you.
The jackal barely misses you.
You are too injured to fight recklessly!
Aiming: Shock (safe; 9% risk of failure)
Press: ? - help, Q - select action Shift-Dir - straight line, f/p - hobgoblin
Aim: a hobgoblin, wielding a +0 mace, wearing a +0 ring mail and quivering stones (severely wounded, 72% to hit)
The zap hits the jackal.
The jackal is moderately wounded.
The zap hits the hobgoblin.
You kill the hobgoblin!
The jackal closely misses you.
You closely miss the jackal. The jackal closely misses you.
The jackal misses you.
You hit the jackal.
The jackal is heavily wounded.
The jackal closely misses you. The jackal bites you.
* * * LOW HITPOINT WARNING * * *
The jackal bites you but does no damage.
Unknown command.
You barely miss the jackal.
The jackal is heavily wounded.
The jackal bites you.
You die...

#.# #.# #.#..†....(.............
#.###.####.#.#........#..........
#.......##...#........# ##...#..
#.......##.)###..###### ##.......
#.......#.........# #..h.....
#.........######..##### #?.......
#.......## #.........# #........
#.......# #....h....####.|...##
#.......# #...@h).........÷....
##......##############)##........
###..#....##########..##.÷......
#................÷..###.......#
#...........######...........##
#......... #....#.#...##
#.####.... #)#.#.#.#..# #.# ####
#.#..#_#...# #.# #.#.#.#.#..#


You could see 2 jackals.

Vanquished Creatures
  2 endoplasms (D:1)
  A giant cockroach (D:1)
  3 goblins (D:1)
  2 hobgoblins (D:1)
  A quokka (D:1)
  A ball python (D:1)
  A bat (D:1)
  A kobold (D:1)
  2 rats (D:1)
14 creatures vanquished.

Notes
Turn   | Place    | Note
-------+----------+-------------------------------------------
     0 | D:1      | xian the Demonspawn Air Elementalist began the quest for
                  | the Orb.
     0 | D:1      | Reached XP level 1. HP: 13/13 MP: 3/3
   261 | D:1      | Gained mutation: You regenerate a little health from kills.
                  | [demonic ancestry]
   261 | D:1      | Reached XP level 2. HP: 19/19 MP: 1/5
   312 | D:1      | Reached skill level 3 in Air Magic
   318 | D:1      | Found a faded altar of an unknown god.
   548 | D:1      | Slain by a jackal

Illustrated notes

Levels and vault maps discovered:
D:1:      mrwooster_arrival_statue_3, layout_rooms,
          chequers_ecumenical_altar_simple_redux

Skill      XL: |  1  2 |
---------------+-------+-----
Air Magic      | 3 |  3.0
Dodging        | |  1.8
Stealth        | |  1.8
Spellcasting   | |  2.5
Conjurations   | |  1.0

Action                   || total
-------------------------++-------
Melee: Club              ||    16
 Cast: Shock             ||    23
Armor: Robe              ||     6
Dodge: Dodged            ||    46
